 Dungeon Crawl Stone Soup version 0.26-a0-652-gafc20e3620 (webtiles) character file.

Game seed: 2568234508199202994

212 kirranu the Chopper (level 5, -1/46 HPs)
             Began as a Minotaur Berserker on Oct 4, 2020.
             Was a Believer of Trog.
             Slain by a smoke demon (3 damage)
             ... on level 2 of the Abyss on Nov 23, 2020.
             The game lasted 00:03:50 (1878 turns).

kirranu the Chopper (Minotaur Berserker)            Turns: 1878, Time: 00:03:51

Health: -1/46      AC:  6    Str: 22    XL:     5   Next: 58%
Magic:  4/4        EV: 10    Int:  4    God:    Trog [**....]
Gold:   145        SH:  0    Dex: 10    Spells: 4/4 levels left

rFire    . . .     SeeInvis .   l - +0 war axe
rCold    . . .     Faith    .   (no shield)
rNeg     . . .     Spirit   .   d - +0 scale mail
rPois    .         Reflect  .   (helmet restricted)
rElec    .         Harm     .   (no cloak)
rCorr    .         Rampage  .   (no gloves)
MR       .....                  (no boots)
Stlth    ..........             (no amulet)
HPRegen  0.15/turn              (no ring)
MPRegen  0.09/turn              (no ring)

@: no status effects
A: retaliatory headbutt, horns 2
a: Berserk, Trog's Hand, Renounce Religion


You were on level 2 of the Abyss.
You worshipped Trog.
Trog was pleased with you.
You visited 1 branch of the dungeon, and saw 2 of its levels.
You visited the Abyss 1 time.

You collected 145 gold pieces.

Inventory:

Hand Weapons
 l - a +0 war axe (weapon)
Armour
 d - a +0 scale mail (worn)
Jewellery
 k - an uncursed ring of fire {unknown}
Scrolls
 c - 6 scrolls of identify {unknown}
 f - a scroll of magic mapping {unknown}
 g - 4 scrolls of immolation {unknown}
 i - 2 scrolls of teleportation {unknown}
 m - a scroll of amnesia {unknown}
Potions
 a - a potion of degeneration {unknown}
 b - a potion of heal wounds {unknown}
 e - a potion of berserk rage {unknown}
 h - 2 potions of stabbing {unknown}
 j - a potion of curing {unknown}


   Skills:
 - Level 4.1 Fighting
 + Level 7.4 Axes
 - Level 2.5 Armour
 - Level 2.2 Dodging


You had 4 spell levels left.
You didn't know any spells.
Your spell library was empty.

Dungeon Overview and Level Annotations

Branches:
Dungeon (2/15)

Altars:

Annotations:
D:2 Crazy Yiuf


Innate Abilities, Weirdness & Mutations

You reflexively headbutt those who attack you in melee.
You have a pair of horns on your head.


Message History

Okay, then.
You see here a book of Debilitation.
Really walk into that cloud of steam?
Uppercase [Y]es or [N]o only, please.
Really walk into that cloud of steam?
You are engulfed in a cloud of scalding steam.
You hit the smoke demon but do no damage.
You headbutt the smoke demon!
The smoke demon is lightly wounded.
You are engulfed in a cloud of scalding steam.
* * * LOW HITPOINT WARNING * * *
The smoke demon hits you but does no damage. x2
The smoke demon barely misses you. The smoke demon gestures at you.
The sticky flame misses you.
You hit the smoke demon.
The smoke demon is moderately wounded.
The smoke demon hits you but does no damage.
The smoke demon hits you.
You die...

#...♣.# ##
#...#...#♣♣
#..♣#...' ♣ ##.
.#. ♣..♣ ##
##..#.##### ♣
#.#.#.. ♣..
#.##. .#♣♣
#..##.### ##.#
##:@3..#.......
####..#.......
. .##..#.#..
###..[.#.. .
#.#.#.#...#
.... #####. ...
#.# ###. ##


You could see a smoke demon.

Vanquished Creatures
  A phantom (D:2)
  Jessica (D:2)
  A gnoll (D:1)
  2 adders (D:2)
  2 oozes
  A worm (D:2)
  2 dart slugs
  3 leopard geckos
  9 bats
  A giant cockroach (D:2)
  8 goblins
  6 hobgoblins
  4 jackals (D:1)
  7 kobolds
  A quokka (D:2)
  4 frilled lizards
  5 rats
58 creatures vanquished.

Notes
Turn   | Place    | Note
-------+----------+-------------------------------------------
     0 | D:1      | kirranu the Minotaur Berserker began the quest for the Orb.
     0 | D:1      | Reached XP level 1. HP: 19/19 MP: 0/0
    54 | D:1      | Reached XP level 2. HP: 17/27 MP: 1/1
   175 | D:1      | Reached skill level 4 in Axes
   356 | D:1      | Reached XP level 3. HP: 12/33 MP: 2/2
   706 | D:1      | Reached skill level 5 in Axes
  1019 | D:2      | Reached ** piety under Trog
  1052 | D:2      | Noticed a phantom
  1067 | D:2      | Killed a phantom
  1067 | D:2      | Reached skill level 6 in Axes
  1067 | D:2      | Reached XP level 4. HP: 34/40 MP: 3/3
  1067 | D:2      | Reached XP level 5. HP: 39/46 MP: 4/4
  1348 | D:2      | Reached skill level 7 in Axes
  1494 | D:2      | Found a runed translucent door.
  1495 | D:2      | Noticed Crazy Yiuf
  1582 | D:2      | Noticed Jessica
  1588 | D:2      | Killed Jessica
  1849 | D:2      | Cast into level 2 of the Abyss (Crazy Yiuf)
  1869 | Abyss:2  | Noticed a smoke demon
  1873 | Abyss:2  | HP: 2/46 [something] (3)]
  1878 | Abyss:2  | Slain by a smoke demon

Illustrated notes

Levels and vault maps discovered:
D:1:      minmay_arrival_plants_in_alcoves, layout_basic
D:2:      layout_loops_cross, minmay_small_reverse_x, uniq_jessica,
          uniq_crazy_yiuf_cottage
Abyss:2:  base: D:1, base:
D:1

Skill      XL: |  1  2  3  4  5 |
---------------+----------------+-----
Fighting       | 4 |  4.1
Axes           | 4 6 7 |  7.4
Armour         | |  2.5
Dodging        | |  2.2

Action                   |  1- 3 |  4- 6 || total
-------------------------+-------+-------++-------
Melee: Hand axe          |    76 |    32 ||   108
       Headbutt          |     8 |     5 ||    13
       War axe           |       |    21 ||    21
Armor: Animal skin       |     2 |       ||     2
       Scale mail        |    30 |    23 ||    53
Dodge: Dodged            |    42 |    29 ||    71

Table legend: (Time is in decaauts)
 A = Elapsed time spent in this place.
 B = Non-inter-level travel time spent in this place.
 C = Inter-level travel time spent in this place.
 D = Time resting spent in this place.
 E = Time spent auto-exploring this place.
 F = Levels seen in this place.
 G = Mean time per level.
                   A        B        C        D        E       F      G
               +--------+--------+--------+--------+--------+-----+--------+
         Total |   1884 |   1869 |     15 |    185 |   1317 |   3 |  628.0 |
       Dungeon |   1855 |   1840 |     15 |    185 |   1301 |   2 |  927.5 |
         Abyss |     29 |     29 |      0 |      0 |     16 |   1 |   29.0 |
               +--------+--------+--------+--------+--------+-----+--------+

Top non-repeatable levels by time:
     D:2: 948 daAuts
     D:1: 906 daAuts
 Abyss:2: 29 daAuts
